Map: Ulzaan

Players

Echo

  • Race: Terran Terran
  • League: Platinum
  • Spawn Location: 1:00

mutomak

  • Race: Protoss Protoss
  • League: Platinum
  • Spawn Location: 3:00

Throwfordays - Winner!

  • Race: Protoss Protoss
  • League: Silver
  • Spawn Location: 11:00

Faust - Winner!

  • Race: Zerg Zerg
  • League: Diamond
  • Spawn Location: 9:00

VOD

Have the link to the VOD?

Description

Time

  • Played on: March 6, 2019, 10:15 p.m.
  • Length: 15:44
Show
View Real Time Build Order
Export as new Build Order

Echo Terran 

Build Orders:  

Get SALT Encoding   

  12  0:01  SCV  
  13  0:13  SCV  
  14  0:25  SCV  
  14  0:26  Supply Depot  
  15  0:47  SCV  
  16  0:50  Barracks  
  16  0:56  Refinery  
  16  0:59  SCV  
  17  1:06  Barracks  
  17  1:11  SCV  
  18  1:34  SCV  
  18  1:36  Refinery  
  18  1:39  Marine, Supply Depot  
  20  2:01  Barracks Tech Lab  
  20  2:05  Supply Depot  
  20  2:12  SCV  
  21  2:23  Barracks Reactor, Marauder  
  21  2:28  Orbital Command  
  23  2:42  Barracks, Factory  
  23  2:52  Marauder  
  23  2:57  SCV  
  26  3:06  Marine  
  26  3:07  Marine  
  26  3:09  SCV  
  29  3:23  SCV  
  30  3:39  SCV  
  33  3:48  Marauder  
  33  3:49  Stimpack  
  33  3:52  Marine, Command Center  
  33  3:54  Marine  
  35  3:56  Marine  
  36  4:13  Engineering Bay  
  36  4:29  SCV  
  36  4:30  Supply Depot  
  37  4:41  SCV, Missile Turret  
  37  4:43  Missile Turret  
  38  5:10  Orbital Command  
  38  5:13  Missile Turret  
  38  5:14  Missile Turret  
  38  5:16  SCV  
  39  5:23  Starport x2, Terran Infantry Weapons Level 1  
  39  5:25  Barracks Reactor  
  39  5:26  Marine  
  39  5:28  Marine, SCV  
  42  5:37  Factory Tech Lab  
  42  5:44  Marine  
  42  5:45  Marauder  
  42  5:46  Marine  
  46  6:06  Marine x4  
  46  6:07  Marauder  
  52  6:13  SCV  
  52  6:14  SCV  
  54  6:21  Supply Depot  
  54  6:24  Supply Depot  
  54  6:25  SCV  
  55  6:29  Marine x2  
  55  6:30  Marine x2  
  59  6:33  Medivac  
  61  6:42  Medivac  
  61  6:45  Marauder  
  65  6:47  Marine x2  
  65  6:48  SCV  
  68  6:55  Supply Depot  
  68  6:59  Combat Shield  
  68  7:04  Medivac  
  68  7:07  Marine x3, Marauder  
  75  7:09  Marine  
  76  7:15  Medivac  
  76  7:21  SCV x2  
  80  7:24  Refinery  
  80  7:25  Refinery  
  80  7:46  Terran Infantry Armor Level 1  
  80  7:47  SCV x2  
  82  7:55  Marine x2, Marauder  
  86  8:00  Fusion Core  
  86  8:03  Armory  
  86  8:04  Supply Depot  
  86  8:08  Marine x2  
  88  8:27  Supply Depot, Starport Tech Lab x2  
  71  8:36  Marine x3, Marauder  
  71  8:37  Marine  
  73  8:52  Supply Depot  
  73  8:54  Marine  
  65  8:58  Marine x3, Marauder  
  70  9:12  Marine  
  70  9:16  Marine x3  
  74  9:20  Marauder  
  76  9:41  Terran Infantry Weapons Level 2  
  76  9:48  Starport  
  76  9:49  Starport  
  62  10:12  Marine x2  
  62  10:13  Marine x2, Marauder  
  53  10:23  Battlecruiser x2  
  53  10:26  Starport Tech Lab  
  53  10:27  Starport Tech Lab  
  65  10:30  Marine  
  65  10:34  Marauder  
  68  10:35  Marine  
  68  10:36  Marine x2  
  71  10:45  SCV x2  
  71  10:48  Marine  
  74  10:53  Marine x2  
  74  10:55  Marauder, Battlecruiser x2  
  90  10:57  SCV x2  
  92  11:14  Command Center  
  92  11:26  Terran Ship Weapons Level 1  
  92  11:39  Battlecruiser  
  98  12:05  Battlecruiser  
  104  12:14  Battlecruiser  
  110  12:21  Supply Depot  
  110  12:25  Weapon Refit  
  110  12:30  Medivac  
  112  12:43  Medivac  
  114  12:45  Refinery  
  114  12:58  SCV x2  
  105  13:53  Marine x4, Marauder  
  105  13:55  Battlecruiser x2  
  113  14:14  Marauder  
  62  14:28  Marine x4  
  66  14:36  Marauder  
  68  14:46  Marine x2  
  68  14:48  Marine x2  
Show
View Real Time Build Order
Export as new Build Order

mutomak Protoss 

Build Orders:  

Get SALT Encoding   

  12  0:00  Probe  
  13  0:15  Pylon  
  13  0:18  Probe  
  14  0:29  Probe  
  15  0:36  Gateway  
  15  0:37  Probe  
  16  0:45  Assimilator  
  16  0:50  Probe  
  16  0:51  Assimilator  
  17  1:01  Probe  
  18  1:09  Probe  
  18  1:17  Probe  
  20  1:26  Cybernetics Core  
  20  1:30  Probe  
  21  1:38  Pylon  
  21  1:42  Probe  
  22  2:09  Warp Gate  
  22  2:14  Nexus  
  22  2:29  Stargate  
  22  2:31  Probe  
  23  2:43  Probe  
  24  2:55  Probe  
  25  3:02  Void Ray  
  25  3:07  Probe  
  25  3:09  Pylon  
  30  3:24  Probe  
  31  3:27  Probe  
  31  3:32  Probe  
  32  3:39  Probe  
  34  3:41  Probe  
  34  3:45  Void Ray, Stargate  
  34  3:47  Assimilator  
  39  3:51  Probe  
  39  3:53  Assimilator  
  40  4:03  Probe  
  41  4:15  Probe  
  42  4:26  Protoss Air Weapons Level 1  
  42  4:28  Probe  
  42  4:29  Void Ray  
  42  4:31  Void Ray  
  51  4:40  Probe  
  51  4:42  Cybernetics Core  
  52  4:52  Probe  
  53  5:11  Protoss Air Armor Level 1  
  53  5:21  Pylon  
  53  5:22  Pylon  
  53  5:32  Probe  
  54  5:39  Void Ray  
  54  5:41  Void Ray  
  62  5:44  Probe  
  62  5:46  Pylon  
  63  5:53  Fleet Beacon  
  63  6:22  Phoenix  
  63  6:24  Phoenix, Probe  
  68  6:33  Pylon  
  68  6:36  Probe  
  69  6:40  Pylon  
  69  6:47  Phoenix  
  69  6:48  Probe  
  69  6:49  Phoenix  
  74  7:00  Probe  
  75  7:01  Protoss Air Weapons Level 2  
  75  7:06  Protoss Air Armor Level 2  
  75  7:12  Phoenix  
  75  7:14  Anion Pulse-Crystals, Phoenix  
  79  7:30  Nexus  
  79  7:37  Tempest  
  79  7:39  Pylon  
  79  7:43  Tempest  
  89  8:00  Pylon  
  89  8:20  Tempest  
  89  8:26  Tempest  
  81  9:22  Void Ray x2  
  67  10:05  Void Ray  
  71  10:18  Probe  
  72  10:23  Stargate  
  72  10:26  Probe  
  72  10:35  Probe  
  73  10:36  Stargate  
  74  10:47  Probe  
  74  10:48  Void Ray  
  79  10:50  Void Ray  
  83  10:59  Probe  
  84  11:08  Void Ray  
  84  11:10  Protoss Air Weapons Level 3  
  88  11:12  Protoss Air Armor Level 3  
  88  11:20  Void Ray  
  92  11:28  Assimilator  
  92  11:32  Assimilator, Probe  
  93  11:44  Probe  
  94  11:56  Probe  
  95  12:08  Void Ray x2, Probe  
  99  12:10  Void Ray  
  99  12:11  Void Ray  
  112  12:20  Probe  
  113  12:33  Probe  
  114  12:38  Pylon  
  114  12:40  Pylon  
  114  12:42  Pylon  
  114  12:45  Probe  
  115  12:53  Carrier  
  115  12:57  Probe  
  122  12:59  Carrier  
  122  13:01  Carrier  
  134  13:09  Probe  
  134  13:12  Carrier  
  79  14:45  Phoenix  
  73  14:46  Phoenix x2  
  73  14:47  Phoenix  
Show
View Real Time Build Order
Export as new Build Order

Throwfordays Protoss - Winner!

Build Orders: Double Forge, Nexus First, Phoenix Opening, Carriers 

Get SALT Encoding   

  12  0:01  Probe  
  13  0:13  Probe  
  14  0:25  Probe  
  15  0:51  Nexus  
  15  1:00  Pylon  
  15  1:18  Probe  
  16  1:19  Gateway  
  16  1:22  Assimilator  
  16  1:30  Probe  
  17  1:42  Probe  
  18  1:53  Forge  
  19  1:54  Probe  
  19  2:04  Probe  
  19  2:06  Cybernetics Core, Probe  
  21  2:11  Assimilator  
  21  2:12  Probe  
  21  2:18  Probe  
  21  2:20  Probe  
  24  2:30  Probe  
  24  2:31  Probe  
  26  2:42  Probe  
  26  2:43  Probe  
  28  2:45  Stargate  
  28  2:50  Pylon  
  28  2:55  Probe  
  28  2:56  Probe  
  30  3:07  Probe  
  30  3:08  Probe  
  32  3:16  Pylon  
  32  3:19  Probe  
  33  3:20  Probe  
  34  3:28  Photon Cannon  
  34  3:31  Photon Cannon, Probe  
  34  3:32  Probe  
  36  3:43  Probe  
  36  3:44  Pylon, Probe  
  36  3:48  Pylon  
  38  3:49  Phoenix  
  38  3:53  Assimilator  
  40  3:55  Probe  
  40  3:59  Assimilator  
  41  4:08  Photon Cannon, Probe  
  41  4:09  Protoss Ground Weapons Level 1  
  42  4:12  Photon Cannon  
  42  4:20  Probe  
  43  4:24  Robotics Facility  
  43  4:25  Protoss Air Weapons Level 1  
  43  4:27  Robotics Facility  
  43  4:32  Probe  
  43  4:35  Cybernetics Core  
  43  4:38  Forge  
  44  4:44  Probe  
  45  4:50  Probe  
  46  4:55  Zealot  
  46  4:56  Probe  
  49  5:07  Photon Cannon  
  49  5:10  Photon Cannon  
  49  5:12  Shield Battery  
  49  5:14  Void Ray  
  53  5:21  Stargate  
  53  5:22  Zealot  
  53  5:25  Pylon  
  53  5:27  Pylon  
  53  5:28  Warp Gate  
  55  5:34  Pylon  
  55  5:37  Pylon  
  55  5:40  Pylon  
  55  5:50  Stargate  
  55  5:53  Stargate  
  55  6:04  Void Ray  
  59  6:10  Probe  
  60  6:18  Void Ray  
  64  6:36  Void Ray  
  68  6:47  Nexus  
  68  6:49  Pylon  
  68  6:52  Pylon  
  68  6:58  Protoss Shields Level 1  
  68  7:01  Probe  
  69  7:04  Probe  
  70  7:08  Assimilator, Protoss Air Armor Level 1  
  70  7:09  Void Ray  
  70  7:12  Assimilator  
  70  7:13  Probe  
  75  7:16  Probe  
  75  7:22  Fleet Beacon  
  76  7:25  Probe  
  76  7:29  Probe  
  78  7:32  Photon Cannon  
  78  7:37  Photon Cannon, Probe  
  78  7:41  Probe  
  78  7:42  Void Ray  
  84  7:49  Probe  
  85  7:53  Probe  
  85  7:58  Probe  
  87  8:06  Probe  
  88  8:15  Void Ray, Probe  
  88  8:16  Nexus  
  91  8:27  Probe  
  92  8:40  Probe  
  73  8:43  Stalker  
  73  8:45  Void Ray x3  
  85  8:48  Protoss Air Weapons Level 2  
  85  8:58  Void Ray  
  77  9:18  Stalker  
  79  9:27  Void Ray  
  79  9:28  Void Ray x2, Protoss Air Armor Level 2  
  89  9:58  Void Ray  
  89  10:09  Probe  
  89  10:10  Void Ray x2  
  89  10:11  Probe  
  89  10:13  Pylon  
  98  10:16  Pylon  
  98  10:19  Probe  
  98  10:21  Probe  
  100  10:23  Void Ray  
  105  10:29  Probe  
  105  10:31  Twilight Council, Probe  
  107  10:37  Probe  
  107  10:38  Assimilator  
  107  10:39  Probe  
  107  10:41  Probe  
  107  10:42  Assimilator  
  108  10:45  Probe  
  108  10:47  Probe  
  108  10:49  Void Ray, Probe  
  111  10:56  Probe  
  117  10:57  Probe  
  117  10:59  Probe  
  120  11:05  Probe  
  120  11:08  Probe  
  120  11:10  Void Ray x3  
  122  11:11  Probe  
  122  11:13  Probe  
  124  11:23  Probe  
  124  11:24  Void Ray  
  137  11:26  Probe  
  142  11:38  Probe  
  142  11:39  Protoss Shields Level 2  
  143  11:46  Pylon  
  143  11:47  Pylon  
  143  11:49  Pylon  
  143  11:50  Probe  
  143  11:51  Pylon  
  143  11:53  Protoss Air Weapons Level 3, Void Ray x3  
  143  11:54  Protoss Air Armor Level 3  
  156  12:02  Probe  
  157  12:12  Void Ray  
  161  12:37  Carrier x2  
  161  12:40  Carrier  
  179  12:56  Carrier  
  185  13:04  Observer x2  
  187  13:08  Robotics Bay  
  187  13:13  Anion Pulse-Crystals  
  187  13:41  Carrier  
  169  14:40  Carrier x3  
Show
View Real Time Build Order
Export as new Build Order

Faust Zerg - Winner!

Build Orders: Hatch First, Lurkers 

Get SALT Encoding   

  12  0:01  Drone  
  13  0:09  Drone  
  14  0:22  Extractor, Drone  
  14  0:24  Overlord  
  15  0:44  Drone x2  
  17  0:55  Hatchery  
  16  0:57  Drone  
  17  1:12  Spawning Pool  
  16  1:18  Drone  
  16  1:23  Extractor, Drone  
  17  1:29  Drone  
  17  1:30  Drone  
  19  1:43  Overlord  
  19  1:59  Queen  
  19  2:00  Zergling x2  
  21  2:10  Queen  
  21  2:11  Zergling x4  
  25  2:19  Drone  
  25  2:21  Drone  
  27  2:30  Drone x2  
  29  2:40  Drone x2  
  31  2:51  Spore Crawler, Queen  
  31  2:54  Drone x2  
  31  2:58  Overlord  
  34  3:03  Metabolic Boost  
  34  3:14  Drone x2  
  34  3:17  Drone x3  
  39  3:22  Overlord  
  39  3:28  Drone x2  
  41  3:34  Drone x2  
  41  3:39  Lair  
  43  3:43  Overlord  
  43  4:02  Drone  
  44  4:17  Extractor  
  44  4:18  Hatchery, Drone x2  
  44  4:19  Extractor, Drone x3  
  44  4:20  Drone  
  44  4:23  Extractor  
  46  4:24  Drone x3  
  46  4:25  Overlord x2  
  46  4:30  Baneling Nest  
  46  4:31  Drone  
  49  4:49  Drone x2  
  49  4:51  Drone x2  
  53  5:06  Queen  
  53  5:07  Queen  
  52  5:11  Spore Crawler  
  52  5:12  Spore Crawler  
  54  5:15  Drone x3  
  54  5:16  Spore Crawler, Drone  
  54  5:20  Drone  
  54  5:21  Drone x5  
  63  5:39  Drone  
  63  5:40  Queen, Drone x4  
  63  5:41  Overlord x2  
  70  5:47  Hydralisk Den  
  70  5:49  Burrow  
  69  5:55  Drone x4  
  73  6:16  Lurker Den  
  70  6:48  Zergling x18  
  70  6:49  Zergling x16  
  87  6:55  Evolution Chamber  
  87  6:57  Evolution Chamber  
  87  6:59  Zergling x2  
  87  7:00  Zergling x8  
  90  7:16  Baneling  
  90  7:17  Baneling x5  
  90  7:18  Hydralisk x4  
  90  7:20  Overlord x4  
  98  7:25  Zerg Melee Weapons Level 1  
  98  7:26  Zerg Ground Armor Level 1  
  98  7:35  Extractor  
  98  7:36  Overlord x2  
  97  7:38  Hydralisk  
  97  7:39  Hydralisk x9  
  97  7:41  Overlord  
  117  7:47  Extractor  
  117  7:48  Drone x2  
  118  8:05  Hydralisk x2  
  118  8:06  Hydralisk x3  
  118  8:09  Spore Crawler  
  118  8:10  Muscular Augments  
  118  8:11  Zergling x2  
  118  8:12  Zergling x16  
  131  8:30  Zergling x4  
  131  8:31  Zergling x4  
  100  8:36  Baneling  
  100  8:37  Baneling x9  
  66  8:55  Zergling x2  
  66  8:56  Zergling x16  
  66  9:01  Drone x3  
  66  9:02  Drone, Hydralisk x3  
  75  9:03  Hydralisk  
  80  9:21  Grooved Spines  
  80  9:22  Hydralisk x5  
  80  9:24  Zerg Melee Weapons Level 2  
  80  9:29  Hydralisk  
  75  9:33  Hydralisk x3  
  68  9:51  Hydralisk x2  
  70  10:00  Hatchery  
  69  10:09  Hatchery  
  66  10:21  Drone x7  
  73  10:31  Lurker  
  73  10:32  Lurker  
  73  10:33  Lurker  
  73  10:34  Lurker x2  
  78  10:42  Hatchery  
  77  10:49  Hatchery  
  76  10:51  Lair  
  76  11:05  Drone x9  
  76  11:06  Drone x5  
  76  11:07  Drone, Hydralisk x3  
  97  12:00  Zergling x2  
  97  12:01  Zergling x28  
  103  12:04  Queen  
  103  12:06  Queen  
  103  12:07  Queen  
  118  12:10  Extractor  
  118  12:12  Extractor  
  118  12:14  Queen, Spire  
  117  12:26  Drone x3  
  117  12:27  Drone x3  
  117  12:28  Drone x3, Hydralisk  
  117  12:29  Hydralisk x6  
  140  12:38  Drone x2  
  140  12:39  Drone x2  
  140  12:42  Drone x3  
  147  12:57  Zerg Missile Weapons Level 1  
  147  13:00  Lair  
  147  13:03  Evolution Chamber  
  146  13:10  Infestation Pit  
  146  13:12  Evolution Chamber  
  144  13:14  Hydralisk  
  144  13:15  Hydralisk  
  144  13:17  Overlord x6  
  144  13:18  Overlord  
  133  13:41  Hydralisk  
  133  13:42  Hydralisk x10  
  153  13:55  Hydralisk x3  
  153  13:56  Hydralisk  
  129  14:25  Drone x11  
  129  14:26  Drone x4  
  129  14:28  Hatchery  
  129  14:29  Drone x2  
  145  14:33  Drone x6  
  145  15:04  Drone x6  
  145  15:05  Drone x2  
  155  15:37  Extractor  
  155  15:40  Extractor  
Tags
 
Add a new tag
Caveats
  • Supply blocks, unpowered buildings, or Contaminate may cause inaccurate times.
  • Supply counts are checked every 10 seconds.